 Dungeon Sprint DCSS version 0.28.0-45-g0d030f2227 (webtiles) character file.

Game seed: 2001316913329788115

12577 boopmooplesden the Impaler (level 11, -22/181 HPs)
             Began as a Minotaur Berserker on Apr 20, 2022.
             Was the Champion of Trog.
             Annihilated by Rupert
             ... wielding a +6 great mace of protection
              (44 damage)
             ... in the Dungeon (Sprint III: "The Ten Rune Challenge").
             The game lasted 00:07:35 (3695 turns).

boopmooplesden the Impaler (Minotaur Berserker)     Turns: 3695, Time: 00:07:36

Health: -22/181    AC: 16    Str: 21    XL:     11   Next: 64%
Magic:  10/10      EV: 12    Int:  4    God:    Trog [******]
Gold:   1374       SH:  0    Dex: 15    Spells: 10/10 levels left

rFire   . . .      SeeInvis .   w - +3 halberd (flame)
rCold   . . .      Faith    .   (shield currently unavailable)
rNeg    . . .      Spirit   .   v - +0 plate armour
rPois   .          Reflect  .   x - +0 hat
rElec   .          Harm     .   j - +0 cloak
rCorr   .          Rampage  .   (no gloves)
Will    .....      Clarity  +   (no boots)
Stlth   .......... NoTele   +   (no amulet)
HPRegen 0.40/turn               (no ring)
MPRegen 0.12/turn               (no ring)

@: berserking (expiring), very quick
A: horns 2, retaliatory headbutt, clarity, sense surroundings 1, MP-powered
wands
a: Renounce Religion, Berserk, Trog's Hand, Brothers in Arms


You were in the Dungeon.
You worshipped Trog.
Trog was exalted by your worship.
You visited 1 branch You collected 1374 gold pieces.

Inventory:

Hand Weapons
 a - a +0 spear
 d - a +3 vorpal glaive
 h - a +4 trident of flaming
 i - a +3 quarterstaff of chaos
 s - a +6 vorpal halberd
 u - a +6 lajatang
 w - a +3 halberd of flaming (weapon)
 y - a +4 vorpal bardiche
Armour
 b - a +2 kite shield of reflection
 j - a +0 cloak (worn)
 v - a +0 plate armour (worn)
 x - a +0 hat (worn)
Wands
 q - a wand of polymorph (9)
Scrolls
 k - 2 scrolls of torment {unknown}
 l - a scroll of immolation {unknown}
 n - a scroll of holy word {unknown}
 o - a scroll of enchant weapon {unknown}
Potions
 c - a potion of curing
 e - a potion of haste
 f - 2 potions of magic
 g - 2 potions of berserk rage
 m - 4 potions of flight
 p - 2 potions of mutation
 r - 2 potions of might
 z - a potion of degeneration {unknown}
 A - a potion of heal wounds
Miscellaneous
 t - a condenser vane


   Skills:
 + Level 18.8 Fighting
 + Level 19.8(20.7) Polearms
 + Level 10.9(16.6) Staves
 + Level 10.9 Armour
 + Level 12.8 Dodging
 + Level 7.0 Stealth
 + Level 2.0 Evocations


You had 10 spell levels left.
You didn't know any spells.
Your spell library was empty.

Dungeon Overview and Level Annotations

Branches:
Dungeon (1/1)

Altars:
Cheibriados
Dithmenos
Elyvilon
Fedhas
Gozag
Hepliaklqana
Kikubaaqudgha
Makhleb
Nemelex Xobeh
Okawaru
Qazlal
Ru
Sif Muna
Trog
Uskayaw
Vehumet
Wu Jian
Xom
Yredelemnul
Zin
The Shining One
Beogh
Jiyva
Lugonu

Shops:
D :

Annotations:
D Rupert


Innate Abilities, Weirdness & Mutations

You have a pair of horns on your head.
You reflexively headbutt those who attack you in melee.
You possess an exceptional clarity of mind.
You passively map a small area around you.
You expend magic power (3 MP) to strengthen your wands.


Message History

Rupert is lightly wounded.
Rupert hits you with a +6 great mace of protection.
You completely miss Rupert.
Rupert is lightly wounded.
Rupert hits you with a +6 great mace of protection!
You impale Rupert!! You burn Rupert. Your headbutt misses Rupert.
Rupert is lightly wounded.
Rupert hits you with a +6 great mace of protection!!
You slash Rupert! You burn Rupert. You headbutt Rupert, but do no damage.
Rupert is moderately wounded.
You hit Rupert. You burn Rupert.
Rupert is moderately wounded.
Rupert barely misses you.
You hit Rupert. You burn Rupert. You headbutt Rupert!
Rupert is moderately wounded.
Rupert hits you with a +6 great mace of protection!!
You impale Rupert!! You burn Rupert!
Rupert is heavily wounded.
You hit Rupert. You burn Rupert.
Rupert is heavily wounded.
Rupert hits you with a +6 great mace of protection!!
You completely miss Rupert.
Rupert is heavily wounded.
Rupert misses you. You furiously retaliate!
You headbutt Rupert. You barely miss Rupert.
Rupert is heavily wounded.
Rupert hits you with a +6 great mace of protection!!
* * * LOW HITPOINT WARNING * * *
You barely miss Rupert.
Rupert is heavily wounded.
You closely miss Rupert. Your headbutt misses Rupert.
Rupert is heavily wounded.
Rupert hits you with a +6 great mace of protection!!
* * * LOW HITPOINT WARNING * * *
You slice Rupert!! You burn Rupert!
Rupert is severely wounded.
You barely miss Rupert.
Rupert is severely wounded.
Rupert hits you with a +6 great mace of protection!!!
You die...

#(.* #.. ####....#___#__'
▓▓▓▓▓▓▓▓▓▓▓▓▓▓▓▓▓▓▓▓▓▓▓▓▓
▓..÷÷≈.≈≈≈≈≈≈≈♣♣.....♣♣♣♣
▓...#.≈≈≈§≈≈≈.♣♣.≈≈≈≈'♣♣†
▓...#≈≈≈§§§§≈≈††...÷.#°°♣
▓...#≈≈§≈≈§≈≈†♣♣♣♣♣♣♣#°°♣
▓..)#..≈≈≈≈≈.≈♣ ###+
▓##'####+####### ** ,
▓.......@@......* *
▓#+############# *


*JJJ# ,, , ▓..J+≈ , *** * ▓...# , , , , ▓...# ≈ , #+### * , * * You could see
Rupert (berserk).

Vanquished Creatures
  Frances (D)
  Gastronok (D)
  Donald (D)
  2 dire elephants (D)
  Erolcha (D)
  A deep elf pyromancer (D)
  2 elephants (D)
  2 cane toads (D)
  A rime drake (D)
  A komodo dragon (D)
  A queen bee (D)
  5 blink frogs (D)
  3 wandering mushrooms (D)
  A shadow (D)
  2 redbacks (D)
  A spatial vortex (D)
  An orc warrior (D)
  A swamp drake (D)
  A necrophage (D)
  5 two-headed ogres (D)
  A water elemental (D)
  28 killer bees (D)
  Crazy Yiuf (D)
  6 orc priests (D)
  A jelly (D)
  A wizard (D)
  A necromancer (D)
  2 orc wizards (D)
  A kobold demonologist (D)
  4 humans (D)
  9 orcs (D)
  An endoplasm (D)
  3 rats (D)
93 creatures vanquished.

Vanquished Creatures (collateral kills)
  4 killer bees (D)
4 creatures vanquished.

Vanquished Creatures (others)
  4 plants (D)
4 creatures vanquished.

Grand Total: 101 creatures vanquished

Notes
Turn   | Place    | Note
-------+----------+-------------------------------------------
     0 | D        | boopmooplesden the Minotaur Berserker began the quest for
                  | the Orb.
     0 | D        | Reached XP level 1. HP: 19/19 MP: 0/0
    11 | D        | Reached skill level 4 in Polearms
    24 | D        | Reached ** piety under Trog
    36 | D        | Noticed Crazy Yiuf
    40 | D        | Killed Crazy Yiuf
    41 | D        | Reached skill level 5 in Fighting
    41 | D        | Reached skill level 6 in Polearms
    41 | D        | Reached XP level 2. HP: 30/30 MP: 1/1
    41 | D        | Reached XP level 3. HP: 37/37 MP: 2/2
   106 | D        | Gained mutation: Your body sometimes deteriorates upon
                  | taking damage. [potion of mutation]
   106 | D        | Gained mutation: You sometimes lose the ability to read
                  | scrolls when taking damage. [potion of mutation]
   106 | D        | Gained mutation: You are strong-willed. (Will+) [potion of
                  | mutation]
   107 | D        | Lost mutation: You are strong-willed. (Will+) [potion of
                  | mutation]
   107 | D        | Lost mutation: Your body sometimes deteriorates upon taking
                  | damage. [potion of mutation]
   107 | D        | Lost mutation: You sometimes lose the ability to read
                  | scrolls when taking damage. [potion of mutation]
   107 | D        | Gained mutation: You expend magic power (3 MP) to
                  | strengthen your wands. [potion of mutation]
   107 | D        | Gained mutation: You possess an exceptional clarity of
                  | mind. [potion of mutation]
   107 | D        | Gained mutation: You passively map a small area around you.
                  | [potion of mutation]
   110 | D        | Noticed a water elemental
   111 | D        | Killed a water elemental
   111 | D        | Reached *** piety under Trog
   112 | D        | Reached skill level 7 in Polearms
   112 | D        | Reached skill level 1 in Stealth
   112 | D        | Reached XP level 4. HP: 47/47 MP: 3/3
   441 | D        | Found a basalt altar of Yredelemnul.
   441 | D        | Found a shadowy altar of Dithmenos.
   441 | D        | Found a sacrificial altar of Ru.
   441 | D        | Noticed a necrophage
   447 | D        | Reached skill level 8 in Polearms
   449 | D        | Killed a necrophage
   450 | D        | Reached skill level 9 in Polearms
   450 | D        | Reached XP level 5. HP: 57/57 MP: 4/4
   508 | D        | Found a hide-covered altar of Uskayaw.
   508 | D        | Found an iron altar of Okawaru.
   509 | D        | Found a bloodstained altar of Trog.
   509 | D        | Found an ornate altar of the Wu Jian Council.
   509 | D        | Noticed a human
   509 | D        | Noticed a human
   517 | D        | Killed a human
   517 | D        | Killed a human
   517 | D        | Reached **** piety under Trog
   518 | D        | Reached skill level 10 in Fighting
   518 | D        | Reached skill level 11 in Polearms
   518 | D        | Reached skill level 5 in Armour
   518 | D        | Reached skill level 5 in Dodging
   518 | D        | Reached XP level 6. HP: 67/67 MP: 5/5
   527 | D        | Killed a human
   528 | D        | Reached XP level 7. HP: 40/74 MP: 6/6
   718 | D        | Found a radiant altar of Vehumet.
   719 | D        | Found a shimmering blue altar of Sif Muna.
   719 | D        | Found an ancient bone altar of Kikubaaqudgha.
   725 | D        | Reached skill level 5 in Staves
   860 | D        | Found a glowing silver altar of Zin.
   862 | D        | Found a glowing golden altar of the Shining One.
   862 | D        | Found a white marble altar of Elyvilon.
   862 | D        | Noticed a deep elf pyromancer
   868 | D        | Killed a deep elf pyromancer
   868 | D        | Reached ***** piety under Trog
   868 | D        | Received a gift from Trog
   869 | D        | Reached skill level 12 in Polearms
   869 | D        | Reached XP level 8. HP: 85/85 MP: 7/7
   886 | D        | Reached skill level 13 in Polearms
   891 | D        | Found a blossoming altar of Fedhas.
   891 | D        | Found a stormy altar of Qazlal.
   891 | D        | Found a snail-covered altar of Cheibriados.
   891 | D        | Found a burning altar of Makhleb.
   891 | D        | Found a shimmering altar of Xom.
   892 | D        | Found a hazy altar of Hepliaklqana.
   892 | D        | Found an opulent altar of Gozag.
   892 | D        | Found a sparkling altar of Nemelex Xobeh.
   892 | D        | Found a corrupted altar of Lugonu.
   892 | D        | Found a viscous altar of Jiyva.
  1215 | D        | Noticed a two-headed ogre
  1222 | D        | Killed a two-headed ogre
  1223 | D        | Reached skill level 14 in Polearms
  1227 | D        | Noticed Erolcha
  1228 | D        | Noticed a two-headed ogre
  1233 | D        | Killed a two-headed ogre
  1234 | D        | Reached XP level 9. HP: 94/94 MP: 8/8
  1236 | D        | Killed Erolcha
  1237 | D        | Reached skill level 15 in Polearms
  1237 | D        | Reached skill level 5 in Stealth
  1306 | D        | Received a gift from Trog
  1330 | D        | Reached skill level 10 in Staves
  1347 | D        | Reached ****** piety under Trog
  1608 | D        | Noticed a queen bee
  1618 | D        | Received a gift from Trog
  1630 | D        | Reached skill level 15 in Fighting
  1633 | D        | Reached skill level 16 in Polearms
  1637 | D        | Reached XP level 10. HP: 17/105 MP: 9/9
  1637 | D        | Received a gift from Trog
  2018 | D        | Received a gift from Trog
  2225 | D        | Found Ihabyurch's Book Boutique.
  2232 | D        | Received a gift from Trog
  2240 | D        | Reached skill level 1 in Evocations
  2248 | D        | Received a gift from Trog
  2403 | D        | Noticed Donald
  2403 | D        | Noticed Frances
  2413 | D        | Killed Donald
  2414 | D        | Reached skill level 17 in Polearms
  2414 | D        | Reached skill level 10 in Dodging
  2417 | D        | Noticed a sixfirhy
  2418 | D        | Killed Frances
  2418 | D        | Received a gift from Trog
  2419 | D        | Reached skill level 18 in Polearms
  2909 | D        | Noticed a cane toad
  2909 | D        | Noticed a cane toad
  2913 | D        | Killed a cane toad
  2914 | D        | Reached XP level 11. HP: 117/117 MP: 10/10
  2918 | D        | Received a gift from Trog
  3179 | D        | Received a gift from Trog
  3297 | D        | Reached skill level 19 in Polearms
  3297 | D        | Noticed a dire elephant
  3297 | D        | Noticed a dire elephant
  3297 | D        | Noticed Gastronok
  3309 | D        | Killed a dire elephant
  3316 | D        | Killed a dire elephant
  3317 | D        | Reached skill level 10 in Armour
  3328 | D        | Killed Gastronok
  3328 | D        | Received a gift from Trog
  3673 | D        | Noticed an azure jelly
  3673 | D        | Noticed an azure jelly
  3673 | D        | Noticed an azure jelly
  3674 | D        | Noticed an azure jelly
  3676 | D        | Noticed Rupert
  3695 | D        | Annihilated by Rupert

Illustrated notes

Levels and vault maps discovered:
D:        dungeon_sprint_mu [sprint_mu_entry_cave, sprint_mu_temple_rooms,
          sprint_mu_d1_spiders, sprint_mu_d2_genie, sprint_mu_d3_branching,
          sprint_mu_orc_legion, sprint_mu_elf_gauntlet, sprint_mu_hive_nellie,
          sprint_mu_lair_fedhas, sprint_mu_vaults_butterflies,
          sprint_mu_slime_circle, sprint_mu_swamp_cave, sprint_mu_shoals_kraken,
          sprint_mu_blade_basic, sprint_mu_crypt_lich, sprint_mu_tomb_spiral,
          sprint_mu_vestibule_basic, sprint_mu_gehenna_hellfire,
          sprint_mu_dis_giant, sprint_mu_tartarus_statrot,
          sprint_mu_cocytus_islands, sprint_mu_zot1]

Skill      XL: |  1  2  3  4  5  6  7  8  9 10 11 |
---------------+----------------------------------+-----
Polearms       | 6 7 9 11 12 14 16 18 19 | 19.8
Fighting       | 5 7 9 10 11 12 13 15 17 18 | 18.8
Armour         | 3 4 5 6 7 8 10 | 10.9
Dodging        | 3 4 5 6 7 9 11 12 | 12.8
Stealth        | 1 2 3 4 6 7 |  7.0
Staves         | 2 3 4 6 8 10 | 10.9
Evocations     | 1 2 |  2.0

Action                   |  1- 3 |  4- 6 |  7- 9 | 10-12 || total
-------------------------+-------+-------+-------+-------++-------
Melee: Spear             |    18 |       |       |       ||    18
       Headbutt          |     3 |     1 |     7 |    32 ||    43
       Quarterstaff      |     1 |    24 |     7 |       ||    32
       Halberd           |       |       |    66 |   119 ||   185
Invok: Berserk           |     2 |     2 |     4 |     6 ||    14
       Brothers in Arms  |       |       |     1 |     1 ||     2
       Trog's Hand       |       |       |     1 |       ||     1
Evoke: Condenser vane    |       |       |     2 |     1 ||     3
  Use: Potion            |     2 |       |     1 |     2 ||     5
       Scroll            |       |       |     1 |       ||     1
 Stab: Sleeping          |     1 |       |     1 |       ||     2
Armor: Animal skin       |       |     1 |     9 |     3 ||    13
       Plate armour      |       |       |       |    19 ||    19
Dodge: Dodged            |     9 |     8 |    71 |    49 ||   137
